 Dungeon Crawl Stone Soup version 0.31-a0-221-gbddc013574 (webtiles) character file.

Game seed: 4977179795295275073

1515 qw the Skirmisher (level 8, -7/70 HPs)
             Began as a Minotaur Hexslinger on July 3, 2023.
             Was an Initiate of Okawaru.
             Mangled by a shadow (9 damage)
             ... on level 6 of the Dungeon.
             The game lasted 00:02:03 (4780 turns).

qw the Skirmisher (Minotaur Hexslinger)             Turns: 4780, Time: 00:02:04

Health: -7/70      AC:  5    Str: 13    XL:     8   Next: 53%
Magic:  8/8        EV: 16    Int: 10    God:    Okawaru [......]
Gold:   129        SH:  0    Dex: 15    Spells: 8/9 levels left

rFire   . . .        Y - +2 sling
rCold   . . .        (no shield)
rNeg    . . .        c - +0 ring mail
rPois   +            (helmet restricted)
rElec   .            (no cloak)
rCorr   .            (no gloves)
SInv    .            (no boots)
Will    .....        d - amulet of regeneration
Stlth   +            m - +5 ring of evasion
HPRegen 1.11/turn    j - ring of poison resistance
MPRegen 0.11/turn

%: no passive effects
@: about to teleport
A: horns 2, retaliatory headbutt
a: Renounce Religion


You were on level 6 of the Dungeon.
You worshipped Okawaru.
Okawaru was noncommittal.
You visited 2 branches of the dungeon, and saw 7 of its levels.

You collected 349 gold pieces.
You spent 220 gold pieces at shops.


Innate Abilities, Weirdness & Mutations

You have a pair of horns on your head.
You reflexively headbutt those who attack you in melee.


   Skills:
 - Level 6.1 Fighting
 + Level 9.8 Ranged Weapons
 - Level 2.5 Armour
 - Level 3.4 Dodging
 - Level 1.0 Spellcasting
 - Level 2.0 Hexes


You had 8 spell levels left.
You knew the following spells:

 Your Spells              Type           Power      Damage    Failure   Level
a - Slow                  Hex            16%        N/A       30%         1

Your spell library contained the following spells:

 Spells                   Type           Power      Damage    Failure   Level
 Inner Flame              Hex/Fire       2%         N/A       80%         3
 Portal Projectile        Hex/Tloc       4%         N/A       80%         3
 Cause Fear               Hex            2%         N/A       97%         4

Inventory:

Hand Weapons
 Y - a +2 sling (weapon)
Armour
 c - a +0 ring mail (worn)
Jewellery
 d - an amulet of regeneration (around neck)
 j - a ring of poison resistance (right hand)
 m - a +5 ring of evasion (left hand)
 n - a ring of protection from cold
 o - a ring of positive energy
Scrolls
 a - a scroll of teleportation
 e - a scroll of identify
Potions
 b - a potion of resistance
 g - 3 potions of might
 h - a potion of mutation
 i - a potion of enlightenment
 k - a potion of curing
 l - a potion of magic {unknown}

Dungeon Overview and Level Annotations

Branches:
Dungeon (6/15)             Temple (1/1) D:6

Altars:
Ashenzari
Dithmenos
Gozag
Hepliaklqana
Kikubaaqudgha
Nemelex Xobeh
Okawaru
Ru
Sif Muna
Trog
Uskayaw
Vehumet
Wu Jian
The Shining One

Shops:
D:2 :   D:5 (:=


Message History

Enter note:
Enter note: You shoot a sling bullet.
The sling bullet hits the phantom.
The phantom is lightly damaged.
The phantom misses you.
You shoot a sling bullet. The sling bullet hits the phantom.
The phantom is lightly damaged.
The steam dragon breathes steam at you. The ball of steam hits you.
The phantom barely misses you. You furiously retaliate!
You headbutt the phantom. You shoot a sling bullet.
The sling bullet completely misses the phantom.
You are engulfed in a cloud of scalding steam.
The phantom closely misses you. You furiously retaliate!
You headbutt the phantom! You shoot a sling bullet.
The sling bullet hits the phantom.
The phantom is severely damaged.
You are engulfed in a cloud of scalding steam.
The phantom closely misses you. The steam dragon closely misses you.
The steam dragon claws you but does no damage.
4778 ||| READING 2 scrolls of teleportation.
As you read the scroll of teleportation, it crumbles to dust.
You feel strangely unstable.
You are engulfed in a cloud of scalding steam.
The steam dragon bites you but does no damage.
The steam dragon claws you but does no damage.
The phantom completely misses you.
The shadow slips into darkness.
The shadow flickers and vanishes!
Deactivating autopickup; reactivate with Ctrl-A.
You shoot a sling bullet. The sling bullet hits the phantom.
The phantom is severely damaged.
The phantom hits you.
The phantom blinks!
You blink.
Enter note:
Enter note:
Enter note: You shoot a sling bullet.
The sling bullet barely misses the phantom.
The shadow strikes at you from the darkness!
You die...

# #..
#>.#######
#.....W.#
#....@.#
##....<#
#...D.#
##....######.
#...¤.......
#...¤.######
#.^..##
#....# #..¤.#


You could see a steam dragon and a phantom.

Vanquished Creatures
  Grinder (D:5)
  Sigmund (D:3)
  Edmund (D:5)
  An ice beast (D:6)
  A black bear (D:5)
  Blork the orc (D:6)
  3 scorpions (D:6)
  A jelly (D:4)
  4 orc priests
  3 hounds
  A sleepcap (D:5)
  6 iguanas
  6 adders
  A shadow imp (D:6)
  2 ufetubi
  3 worms
  2 dart slugs
  19 orcs
  10 ball pythons
  10 endoplasms
  3 giant cockroaches
  2 goblins
  3 hobgoblins
  3 jackals (D:3)
  10 kobolds
  6 quokkas
  2 bats
  2 frilled lizards
  4 rats
112 creatures vanquished.

Notes
Turn   | Place    | Note
-------+----------+-------------------------------------------
     0 | D:1      | qw the Minotaur Hexslinger began the quest for the Orb.
     0 | D:1      | Reached XP level 1. HP: 16/16 MP: 1/1
     0 | D:1      | 0 ||| qw: Version: 0.3-a-40-ge99b1a8
     0 | D:1      | 0 ||| qw: Game counter: 524
     0 | D:1      | 0 ||| qw: Melee chars always use a shield: true
     0 | D:1      | 0 ||| qw: God list: Okawaru
     0 | D:1      | 0 ||| qw: Allow faded altars: false
     0 | D:1      | 0 ||| qw: Do Orc after clearing Dungeon:15 true
     0 | D:1      | 0 ||| qw: Do second Lair branch before Depths: true
     0 | D:1      | 0 ||| qw: Lair rune preference: random
     0 | D:1      | 0 ||| qw: Goals: Normal
     0 | D:1      | 0 ||| PLANNING D:1-11
   191 | D:1      | Reached skill level 3 in Ranged Weapons
   199 | D:1      | Reached XP level 2. HP: 23/23 MP: 2/2
   815 | D:1      | 815 ||| READING 3 scrolls labelled KUIJUU LUZU.
   819 | D:1      | 819 ||| READING scroll labelled KAIVVURIASM.
   820 | D:1      | 820 ||| READING scroll labelled GISASANOOKH.
   821 | D:1      | 821 ||| DRINKING 2 clear potions.
   822 | D:1      | 822 ||| DRINKING 2 amethyst potions.
   823 | D:1      | 823 ||| DROPPING scroll of poison.
   867 | D:2      | Found a faded altar of an unknown god.
   882 | D:2      | Reached XP level 3. HP: 28/29 MP: 3/3
   888 | D:2      | Found Watwissi's Book Emporium.
  1165 | D:2      | Reached skill level 4 in Ranged Weapons
  1245 | D:2      | Reached XP level 4. HP: 20/36 MP: 4/4
  1451 | D:2      | Found a glowing golden altar of the Shining One.
  1496 | D:2      | 1496 ||| UPGRADING to +0 leather armour.
  1506 | D:2      | 1506 ||| DROPPING +0 robe.
  1507 | D:2      | 1507 ||| UPGRADING to ring of protection from cold.
  1508 | D:2      | 1508 ||| UPGRADING to ring of poison resistance.
  1509 | D:2      | 1509 ||| READING scroll labelled BONAUNW LINIL.
  1510 | D:2      | 1510 ||| READING scroll labelled SOISAF ATIGH.
  1573 | D:2      | 1573 ||| READING 2 scrolls of identify.
  1573 | D:2      | 1573 ||| IDENTIFYING dark potion
  1574 | D:2      | 1574 ||| DROPPING potion of lignification.
  1777 | D:3      | You fall into a shaft and drop 2 floors!
  1777 | D:5      | Entered Level 5 of the Dungeon
  1782 | D:5      | 1782 ||| READING scroll labelled OHIALA PACVAM.
  1783 | D:5      | 1783 ||| READING scroll labelled GUIMAO FOARGHOCOSO.
  1784 | D:5      | 1784 ||| READING 2 scrolls of identify.
  1784 | D:5      | 1784 ||| IDENTIFYING inky potion
  1785 | D:5      | 1785 ||| DROPPING potion of berserk rage.
  1792 | D:5      | Reached skill level 5 in Ranged Weapons
  1797 | D:5      | Noticed Edmund
  1926 | D:4      | Reached XP level 5. HP: 42/42 MP: 5/5
  1978 | D:4      | Found a shimmering blue altar of Sif Muna.
  2032 | D:4      | Reached skill level 3 in Fighting
  2095 | D:4      | Found an ancient bone altar of Kikubaaqudgha.
  2110 | D:4      | 2110 ||| UPGRADING to amulet of regeneration.
  2115 | D:4      | 2115 ||| READING scroll labelled FABBEA KAEMYU.
  2116 | D:4      | 2116 ||| READING scroll labelled UXKULUDWOS.
  2177 | D:3      | Reached skill level 6 in Ranged Weapons
  2195 | D:3      | Noticed Sigmund
  2201 | D:3      | Killed Sigmund
  2202 | D:3      | Reached XP level 6. HP: 40/56 MP: 6/6
  2298 | D:3      | Found a bloodstained altar of Trog.
  2805 | D:3      | 2805 ||| UPGRADING to +0 ring mail.
  2815 | D:3      | 2815 ||| DROPPING +0 leather armour.
  2873 | D:4      | Reached skill level 1 in Armour
  3033 | D:4      | Reached XP level 7. HP: 48/61 MP: 7/7
  3384 | D:4      | 3384 ||| READING scroll labelled LELYRU HYLIYTO.
  3437 | D:5      | Killed Edmund
  3438 | D:5      | Reached skill level 7 in Ranged Weapons
  3459 | D:5      | 3459 ||| FLEEEEING.
  3460 | D:5      | 3460 ||| FLEEEEING.
  3615 | D:5      | 3615 ||| UPGRADING to +5 ring of evasion.
  3617 | D:5      | 3617 ||| READING scroll labelled PIOKLO ROCWI.
  3618 | D:5      | 3618 ||| READING 2 scrolls of identify.
  3618 | D:5      | 3618 ||| IDENTIFYING smoky emerald potion
  3664 | D:5      | Found Lingoc's Jewellery Emporium.
  3669 | D:5      | 3669 ||| SHOPLISTING +5 ring of evasion (396 gold, have
                  | 245).
  3669 | D:5      | 3669 ||| SHOPLISTING amulet "Nufuwk" {Reflect Str+4 Dex+4
                  | SH+5} (591 gold, have 245).
  3669 | D:5      | 3669 ||| SHOPLISTING ring of fire (275 gold, have 245).
  3669 | D:5      | 3669 ||| BUYING ring of positive energy (220 gold).
  3669 | D:5      | Bought a ring of positive energy for 220 gold pieces
  3669 | D:5      | 3669 ||| SHOPLISTING ring of protection from fire (275
                  | gold, have 25).
  3669 | D:5      | 3669 ||| SHOPLISTING ring of see invisible (165 gold, have
                  | 25).
  3709 | D:5      | Found a hide-covered altar of Uskayaw.
  3725 | D:5      | Noticed Grinder
  3743 | D:5      | Reached skill level 8 in Ranged Weapons
  3751 | D:5      | Paralysed by Grinder for 4 turns
  3772 | D:5      | 3772 ||| FLEEEEING.
  3773 | D:5      | 3773 ||| FLEEEEING.
  3785 | D:5      | 3785 ||| FLEEEEING.
  3786 | D:5      | 3786 ||| FLEEEEING.
  3787 | D:5      | 3787 ||| STAIRDANCE
  3796 | D:4      | 3796 ||| DROPPING potion of degeneration.
  3801 | D:5      | Killed Grinder
  3802 | D:5      | Reached skill level 9 in Ranged Weapons
  3802 | D:5      | Reached XP level 8. HP: 68/68 MP: 8/8
  3839 | D:5      | Found Qacravuy's Book Shoppe.
  3937 | D:5      | Found Unuinn's Antique Weapon Shoppe.
  3985 | D:5      | 3985 ||| READING 2 scrolls of identify.
  3985 | D:5      | 3985 ||| IDENTIFYING metallic white potion
  4003 | D:6      | Noticed Blork the orc
  4005 | D:6      | 4005 ||| STAIRDANCE
  4044 | D:6      | 4044 ||| STAIRDANCE
  4061 | D:6      | 4061 ||| STAIRDANCE
  4071 | D:6      | Killed Blork the orc
  4072 | D:6      | Reached skill level 3 in Dodging
  4255 | D:6      | Found a staircase to the Ecumenical Temple.
  4256 | D:6      | 4256 ||| PLANNING TEMPLE
  4256 | D:6      | 4256 ||| READING scroll labelled KUUXYT YTOJ.
  4357 | D:6      | 4357 ||| READING 4 scrolls of identify.
  4357 | D:6      | 4357 ||| IDENTIFYING fizzy black potion
  4358 | D:6      | 4358 ||| READING 3 scrolls of identify.
  4358 | D:6      | 4358 ||| IDENTIFYING sedimented brown potion
  4359 | D:6      | 4359 ||| READING 2 scrolls of identify.
  4359 | D:6      | 4359 ||| IDENTIFYING puce potion
  4366 | Temple   | Entered the Ecumenical Temple
  4398 | Temple   | 4398 ||| PLANNING OKAWARU WORSHIP
  4450 | Temple   | Became a worshipper of Warmaster Okawaru
  4451 | Temple   | 4451 ||| PLANNING D:1-11
  4623 | D:6      | Reached skill level 6 in Fighting
  4767 | D:6      | HP: 13/70 [ice beast (12)]
  4768 | D:6      | 4768 ||| READING 3 scrolls of teleportation.
  4769 | D:6      | 4769 ||| DRINKING potion of heal wounds.
  4777 | D:6      | HP: 12/70 [steam dragon] (7)]
  4778 | D:6      | 4778 ||| READING 2 scrolls of teleportation.
  4778 | D:6      | HP: 3/70 [steam dragon] (10)]
  4779 | D:6      | HP: 1/70 [phantom (4)]
  4780 | D:6      | Mangled by a shadow

Levels and vault maps discovered:
D:1:      minmay_arrival_doors, layout_basic, minmay_splitting_lines
D:2:      layout_loops_cross, basic_ecumenical_altar, serial_shops, shop,
          basic_altar
D:3:      layout_loops_corners, mainiacjoe_overflow_cross_hatched, uniq_sigmund
D:4:      layout_basic, kennysheep_orc_sif_temple, lemuel_doored_altar,
          kennysheep_generic_room_3
D:5:      layout_rooms, marbit_many_paths, serial_shops, shop,
          nicolae_shop_pleasant_corner_grove, nicolae_shop_rolling_square,
          reono_crystal_passage, grunt_ministairs_15,
          hangedman_decor_peaks_small, minmay_misc_feat_encased, uniq_grinder,
          uniq_edmund
D:6:      layout_layer_cave, temple_fountains, uniq_blork_the_orc,
          uniq_crazy_yiuf_cottage
Temple:   eino_temple_lava

Skill      XL: |  1  2  3  4  5  6  7  8 |
---------------+-------------------------+-----
Ranged Weapons | 3 4 5 6 9 |  9.8
Fighting       | 2 5 6 |  6.1
Armour         | 1 2 |  2.5
Dodging        | 3 |  3.4
Spellcasting   | |  1.0
Hexes          | |  2.0

Action                     |  1- 3 |  4- 6 |  7- 9 || total
---------------------------+-------+-------+-------++-------
   Fire: Sling             |   101 |   139 |   223 ||   463
    Use: Scroll            |     3 |     8 |    10 ||    21
         Potion            |     2 |       |     1 ||     3
 Armour: Robe              |     2 |     3 |       ||     5
         Leather armour    |       |    10 |       ||    10
         Ring mail         |       |     2 |    28 ||    30
  Dodge: Dodged            |    29 |    42 |    70 ||   141

Table legend:
 A = Non-vault XP
 B = Vault XP
 C = Vault XP percentage of total XP
 D = Non-vault monster count
 E = Vault monster count
 F = Vault count percentage of total count
                 A         B        C        D         E       F
            +---------+---------+-------+---------+---------+-------
      Total |    1288 |     877 |  40.5 |     104 |       8 |   7.1
            +---------+---------+-------+---------+---------+-------
        D:1 |      28 |       0 |   0.0 |      18 |       0 |   0.0
        D:2 |     100 |       0 |   0.0 |      18 |       0 |   0.0
        D:3 |      79 |     247 |  75.8 |      19 |       1 |   5.0
        D:4 |     264 |      46 |  14.8 |      23 |       2 |   8.0
        D:5 |     353 |     490 |  58.1 |      16 |       4 |  20.0
        D:6 |     464 |      94 |  16.8 |      10 |       1 |   9.1
            +---------+---------+-------+---------+---------+-------
